 Dungeon Crawl Stone Soup version 0.18-a0-1285-g60d00e1 (webtiles) character file.

2354 lysy the Nimble (level 9, -3/45 HPs)
             Began as a Deep Elf Fire Elementalist on Feb 5, 2016.
             Was an Initiate of Vehumet.
             Slain by a seven-headed hydra (15 damage)
             ... on level 1 of the Lair of Beasts on Mar 24, 2016.
             The game lasted 00:54:42 (9095 turns).

lysy the Nimble (Deep Elf Fire Elementalist)        Turns: 9095, Time: 00:54:42

Health: -3/45      AC:  5    Str:  5    XL:     9   Next: 20%
Magic:  19/19      EV: 15    Int: 22    God:    Vehumet [......]
Gold:   382        SH:  0    Dex: 17    Spells: 4 memorised, 5 levels left

rFire  . . .     SeeInvis .     s - +4 flail (freeze)
rCold  . . .     Gourm    .     f - +1 leather armour
rNeg   . . .     Faith    .     (no shield)
rPois  +         Spirit   .     F - +0 helmet (curse)
rElec  .         Dismiss  .     (no cloak)
rCorr  .         Reflect  .     (no gloves)
SustAt .         Harm     .     (no boots)
MR     .....                    (no amulet)
Stlth  ++........               (no ring)
                                q - +3 ring of evasion

@: not resistant to hostile enchantments, unstealthy
A: poison resistance
a: Renounce Religion


You were on level 1 of the Lair of Beasts.
You worshipped Vehumet.
Vehumet was noncommittal.
You were not hungry.

You visited 3 branches of the dungeon, and saw 10 of its levels.
You also visited: Sewer.

You collected 382 gold pieces.


Innate Abilities, Weirdness & Mutations

Your system is resistant to poisons.


   Skills:
 - Level 9.1 Dodging
 - Level 2.4 Stealth
 - Level 5.4 Spellcasting
 + Level 7.6 Conjurations
 + Level 7.6 Fire Magic


You had 5 spell levels left.
You knew the following spells:

 Your Spells              Type           Power        Failure   Level  Hunger
c - Fireball              Conj/Fire      #####.....   24%         5    #####..
x - Sticky Flame          Conj/Fire      #####...     10%         4    ####...
z - Flame Tongue          Conj/Fire      #####        1%          1    None
Z - Conjure Flame         Conj/Fire      #####...     2%          3    ##.....

Inventory:

Hand Weapons
 s - a +4 flail of freezing (weapon)
Missiles
 e - 261 stones (quivered)
 y - 3 curare-tipped needles {=f}
 D - 24 poisoned needles
 I - 3 tomahawks
Armour
 f - a +1 leather armour (worn)
 u - the +1 ring mail of the Sea {Dex+3}

   It affects your dexterity (+3).
 F - a cursed +0 helmet (worn)
Jewellery
 q - a +3 ring of evasion (left hand)
Wands
 a - a wand of teleportation (6/9) {!d@v4}
 n - a wand of iceblast (12/15)
 H - a wand of lightning (5/15)
 J - a wand of lightning (10/15)
Scrolls
 d - a scroll of remove curse
 i - a scroll of amnesia
 m - 3 scrolls of fog
 o - 3 scrolls of recharging
 p - a scroll of teleportation {@r4}
 r - 3 scrolls of fear
 t - a scroll of enchant armour
 E - a scroll of blinking
 G - a scroll of magic mapping
 L - 2 scrolls of identify {@r1}
Potions
 g - 2 potions of ambrosia {unknown}
 k - a potion of resistance {unknown}
 l - a potion of agility
 v - 2 potions of haste {unknown}
 w - 4 potions of heal wounds {unknown}
 x - a potion of magic {unknown}
 z - 4 potions of curing {@q1}
 A - 3 potions of might {unknown}
 B - 2 potions of mutation {unknown}
 C - a potion of brilliance {unknown}
Books
 b - a book of Flames

   Spells                             Type                      Level
   a - Flame Tongue                   Conjuration/Fire             1
   b - Throw Flame                    Conjuration/Fire             2
   c - Conjure Flame                  Conjuration/Fire             3
   d - Inner Flame                    Hexes/Fire                   3
   e - Sticky Flame                   Conjuration/Fire             4
   f - Fireball                       Conjuration/Fire             5
Comestibles
 c - 7 bread rations
 h - a slice of pizza
 j - 2 meat rations
 K - 2 chunks of flesh

Dungeon Overview and Level Annotations

Branches:
Dungeon (8/15)             Temple (1/1) D:7            Lair (1/8) D:8

Altars:
Ashenzari
Cheibriados
Dithmenos
Elyvilon
Fedhas
Gozag
Kikubaaqudgha
Makhleb
Nemelex Xobeh
Okawaru
Pakellas
Qazlal
Ru
Sif Muna
Trog
Vehumet
Yredelemnul
Zin
The Shining One

Annotations:
D:6 namelastname112's ghost, novice DrBe

▒.....▒ .
▒▒....... ..
......... ..
▒▒........
▒▒.▒▒.........
▒.............
▒...F......▒
▒...e..▒
▒▒.D▒▒▒▒ ▒...
▒▒.. ..F ▒..▒
... ▒H..


You could see a seven-headed hydra, a hippogriff (wandering) and 2 blink frogs.


Message History

There is a staircase to the Lair here.
You start resting.
Magic restored.
HP restored.
You climb downwards.
Welcome to the Lair of Beasts!
A water moccasin and a hippogriff come into view.
The blink frog misses you.
The seven-headed hydra barely misses you.
The seven-headed hydra bites you!
The seven-headed hydra bites you but does no damage.
The seven-headed hydra bites you!
* * * LOW HITPOINT WARNING * * *
The seven-headed hydra closely misses you. x2
The seven-headed hydra bites you.
* * * LOW HITPOINT WARNING * * *
The blink frog completely misses you. The seven-headed hydra misses you.
The seven-headed hydra completely misses you.
The seven-headed hydra bites you.
* * * LOW HITPOINT WARNING * * *
The seven-headed hydra bites you but does no damage. x2
The seven-headed hydra misses you. The seven-headed hydra bites you.
* * * LOW HITPOINT WARNING * * *
There is a staircase back to the Dungeon, spattered with blood here.
The blink frog barely misses you.
The seven-headed hydra closely misses you.
The seven-headed hydra barely misses you.
The seven-headed hydra bites you.
* * * LOW HITPOINT WARNING * * *
The seven-headed hydra bites you!
You die...

Action                   |  1- 3 |  4- 6 |  7- 9 || total
-------------------------+-------+-------+-------++-------
Melee: Unarmed           |     1 |       |       ||     1
       Dagger            |       |    21 |     3 ||    24
       Flail             |       |       |    28 ||    28
Throw: Stone             |   117 |    35 |    24 ||   176
       Tomahawk          |       |    29 |    11 ||    40
 Cast: Flame Tongue      |    68 |   109 |   186 ||   363
       Conjure Flame     |     3 |     7 |     7 ||    17
       Fireball          |       |       |     7 ||     7
       Sticky Flame      |       |       |     2 ||     2
Evoke: Wand              |       |       |     1 ||     1
  Use: Scroll            |     9 |     3 |     7 ||    19
       Potion            |     1 |     5 |       ||     6
  Eat: Chunk             |     3 |     3 |     8 ||    14
       Pizza             |       |     2 |     1 ||     3
       Beef jerky        |       |     1 |     2 ||     3
       Meat ration       |       |       |     1 ||     1
       Royal jelly       |       |       |     1 ||     1

Vault maps used:
D:1:      dpeg_arrival_pond, minmay_cupped
D:2:      hangedman_decor_slide_cut, serial_park_tiny_pond, glass_columns_b,
          feat_on_display
D:3:      tgw_sif, nicolae_ru_path_of_blood, lemuel_coloured_pillars_altar,
          uniq_iyjb, uniq_sigmund, uniq_natasha
D:4:      yredelemnul_altar_generic, lemuel_round_altar, portal_sewer_entry_e
D:5:      kennysheep_vampire_church, first_bread, kennysheep_generic_room_11
D:6:      cheibriados_altar_1
D:7:      fiery_altar_vehumet, temple_pool_a, hex_intersection
D:8:      lair_0_dummy
Temple:   minmay_crystal_spiral_temple_12
Lair:1:   basic_altar, grunt_megastairs_2, lemuel_fruit_fields
Sewer:    sewer_minmay_w

Notes
Turn   | Place    | Note
--------------------------------------------------------------
     0 | D:1      | lysy the Deep Elf Fire Elementalist began the quest for the Orb.
     0 | D:1      | Reached XP level 1. HP: 10/10 MP: 6/6
   283 | D:1      | Reached XP level 2. HP: 15/15 MP: 4/8
   474 | D:1      | Reached skill level 4 in Fire Magic
   619 | D:1      | Reached skill level 2 in Conjurations
   868 | D:1      | Reached XP level 3. HP: 19/19 MP: 7/9
   873 | D:1      | Learned a level 3 spell: Conjure Flame
   951 | D:1      | Gained mutation: Your system is resistant to poisons. [potion of beneficial mutation]
  1839 | D:3      | Found an opulent altar of Gozag.
  2007 | D:3      | Reached XP level 4. HP: 24/24 MP: 7/10
  2162 | D:3      | Noticed Jessica
  2191 | D:3      | Killed Jessica
  2191 | D:3      | Reached skill level 3 in Conjurations
  2321 | D:3      | Found a deep blue altar of Sif Muna.
  2357 | D:3      | Reached skill level 5 in Fire Magic
  2617 | D:3      | Noticed Natasha
  2617 | D:3      | Reached XP level 5. HP: 28/28 MP: 6/12
  2724 | D:3      | Killed Natasha
  2922 | D:3      | Noticed Sigmund
  2968 | D:3      | Noticed Natasha
  2982 | D:3      | Killed Sigmund
  2982 | D:3      | Reached skill level 5 in Spellcasting
  2982 | D:3      | Reached skill level 4 in Conjurations
  2982 | D:3      | Reached XP level 6. HP: 13/32 MP: 0/15
  2997 | D:3      | HP: 3/32 [Natasha/magic dart (3)]
  3360 | D:3      | Killed Natasha
  3360 | D:3      | Reached skill level 5 in Conjurations
  3445 | D:3      | Learned a level 4 spell: Sticky Flame
  3451 | D:3      | Learned a level 5 spell: Fireball
  3475 | D:3      | Found a sacrificial altar of Ru.
  3714 | D:4      | Found a basalt altar of Yredelemnul.
  3767 | D:4      | Upgraded the game from 0.18-a0-1243-g9e52518 to 0.18-a0-1267-gff090c1
  4082 | D:4      | Found a glowing golden altar of the Shining One.
  4143 | D:4      | Found a glowing drain.
  4149 | Sewer    | Entered a sewer
  4150 | Sewer    | Upgraded the game from 0.18-a0-1267-gff090c1 to 0.18-a0-1285-g60d00e1
  4208 | Sewer    | Reached XP level 7. HP: 36/36 MP: 12/16
  4400 | Sewer    | Got a shimmering ring mail
  4411 | Sewer    | Identified the cursed +1 ring mail of the Sea {Dex+3} (You found it in a sewer)
  4705 | Sewer    | Reached skill level 6 in Conjurations
  4705 | Sewer    | Reached skill level 6 in Fire Magic
  4934 | D:4      | Identified a wand of teleportation
  5112 | D:5      | Entered Level 5 of the Dungeon
  5637 | D:5      | Found an ancient bone altar of Kikubaaqudgha.
  5643 | D:5      | Reached skill level 7 in Conjurations
  5644 | D:5      | Reached skill level 7 in Fire Magic
  5644 | D:5      | Reached XP level 8. HP: 39/41 MP: 10/18
  6176 | D:6      | Reached skill level 3 in Dodging
  6270 | D:6      | Reached skill level 4 in Dodging
  6311 | D:6      | Noticed namelastname112's ghost (novice DrBe)
  6764 | D:6      | Found a snail-covered altar of Cheibriados.
  6776 | D:6      | Reached skill level 5 in Dodging
  7238 | D:7      | Reached skill level 6 in Dodging
  7274 | D:7      | Found a staircase to the Ecumenical Temple.
  7310 | Temple   | Entered the Ecumenical Temple
  7555 | D:7      | Found a radiant altar of Vehumet.
  7899 | D:7      | Reached skill level 7 in Dodging
  8127 | D:7      | Reached skill level 8 in Dodging
  8221 | D:7      | Became a worshipper of Vehumet
  8483 | D:8      | Reached XP level 9. HP: 45/45 MP: 12/19
  8526 | D:8      | Reached skill level 9 in Dodging
  8854 | D:8      | Found a staircase to the Lair.
  8977 | Lair:1   | Entered Level 1 of the Lair of Beasts
  8981 | Lair:1   | Noticed a seven-headed hydra
  9095 | Lair:1   | Slain by a seven-headed hydra

Vanquished Creatures
  Sigmund (D:3)
  A hippogriff (D:8)
  An ice beast (D:8)
  An orc warrior (D:7)
  A centaur (D:6)
  2 ogres
  3 giant frogs
  A wyvern skeleton (D:8)
  2 scorpions
  4 killer bees (D:8)
  2 vampire bats (D:5)
  3 wights (D:6)
  4 crimson imps
  A giant frog zombie (D:6)
  A jelly (D:5)
  2 orc priests
  2 orc wizards
  2 iguanas
  Jessica (D:3)
  Natasha (twice) (D:3)
  7 worker ants
  12 adders
  2 river rats (Sewer)
  A shadow imp (D:6)
  An ooze (D:1)
  4 adder skeletons
  4 worms
  5 giant geckos
  15 orcs
  2 bat skeletons (D:5)
  2 bat zombies (D:5)
  9 giant cockroaches
  5 goblins
  10 hobgoblins
  11 jackals
  A quokka (D:3)
  12 ball pythons
  6 bats
  A giant gecko skeleton (D:7)
  9 giant newts
  A jackal zombie (D:7)
  7 kobolds
  30 rats
194 creatures vanquished.

Vanquished Creatures (others)
  A fire vortex (D:8)
1 creature vanquished.

Grand Total: 195 creatures vanquished
